 Dungeon Crawl Stone Soup version 0.30-a0-782-ge64f9170bb (webtiles) character file.

Game seed: 15219770373759046041

21428 Gargoyl the Cleaver (level 12, -2/88 HPs)
             Began as a Gargoyle Berserker on Feb 20, 2023.
             Was an Elder of Trog.
             Slain by a seven-headed hydra (6 damage)
             ... on level 3 of the Lair of Beasts.
             The game lasted 00:18:04 (9492 turns).

Gargoyl the Cleaver (Gargoyle Berserker)            Turns: 9492, Time: 00:18:05

Health: -2/88      AC: 22    Str: 29    XL:     12   Next: 89%
Magic:  12/12      EV: 14    Int:  9    God:    Trog [****..]
Gold:   785        SH:  0    Dex: 13    Spells: 11/11 levels left

rFire   + . .      SeeInvis +    h - +0 whip (elec)
rCold   + . .      Faith    .    (no shield)
rNeg    + . .      Spirit   .    g - +0 swamp dragon scales
rPois   ∞          Reflect  .    f - +1 helmet
rElec   +          Harm     .    n - scarf {rC+ rF+}
rCorr   .          Rampage  .    k - +0 pair of gloves
Will    ++...      Clarity  +    (no boots)
Stlth   ++                       s - amulet of regeneration
HPRegen 2.14/turn                H - +6 ring of strength
MPRegen 0.13/turn                I - ring "Zus Jicy" {Drain rElec Dex+2 SInv}

@: strong-willed, regenerating
A: sickness immunity, AC +8, negative energy resistance 1, electricity
resistance, torment resistance 1, petrification resistance, clarity, sense
surroundings 1, robust 1
a: Renounce Religion, Berserk, Trog's Hand, Brothers in Arms


You were on level 3 of the Lair of Beasts.
You worshipped Trog.
Trog was greatly pleased with you.
You visited 2 branches of the dungeon, and saw 11 of its levels.
You also visited: Sewer and Bailey.

You collected 839 gold pieces.
You spent 54 gold pieces at shops.

Inventory:

Hand Weapons
 a - a +0 hand axe
 h - a +0 whip of electrocution (weapon)
 l - a +0 broad axe
 w - a +3 hand axe
Missiles
 C - 30 poisoned darts (quivered)
 J - 4 throwing nets
Armour
 f - a +1 helmet (worn)
 g - +0 swamp dragon scales (worn)
 k - a +0 pair of gloves (worn)
 n - a scarf of resistance (worn)
Jewellery
 b - a ring of protection from fire
 c - a +5 ring of evasion
 m - a +5 ring of evasion
 s - an amulet of regeneration (around neck)
 H - a +6 ring of strength (left hand)
 I - the ring "Zus Jicy" (right hand) {Drain rElec Dex+2 SInv}
   (You acquired it in a bailey)

   [ring of see invisible]

   Dex:       It affects your dexterity (+2).
   rElec:     It insulates you from electricity.
   SInv:      It lets you see invisible.
   Drain:     It drains your maximum health when unequipped.
Wands
 d - a wand of digging (6)
 o - a wand of flame (31)
 q - a wand of acid (10)
Scrolls
 e - 9 scrolls of teleportation
 j - 4 scrolls of magic mapping
 v - 3 scrolls of immolation
 y - a scroll of silence
 A - a scroll of poison
 D - 2 scrolls of fog
 F - a scroll of fear
Potions
 i - a potion of curing
 p - a potion of resistance
 r - 5 potions of haste
 t - 8 potions of might {unknown}
 u - 2 potions of brilliance {unknown}
 x - 2 potions of berserk rage {unknown}
 z - 2 potions of lignification {unknown}
 B - a potion of flight {unknown}
 E - 4 potions of magic {unknown}
 G - a potion of invisibility {unknown}


   Skills:
 + Level 11.6 Fighting
 + Level 13.6 Axes
 + Level 0.8 Throwing
 + Level 9.1 Armour
 + Level 6.5 Dodging
 + Level 4.0 Stealth


You had 11 spell levels left.
You didn't know any spells.
Your spell library was empty.

Dungeon Overview and Level Annotations

Branches:
Dungeon (8/15)             Temple (0/1) D:5            Lair (3/5) D:8
  Snake (0/4) Lair:2        Sewer (visited)          Bailey (visited)
  Swamp: Lair:2-3    Shoals: Lair:2-3

Altars:
Cheibriados
Fedhas
Hepliaklqana
Kikubaaqudgha
Ru
Uskayaw
Xom
Yredelemnul
The Shining One

Shops:
D:1 !   D:2 [   D:7 :


Innate Abilities, Weirdness & Mutations

You are immune to sickness and miasma.
Your stone body is resilient. (AC +8)
You are immune to poison.
You resist negative energy. (rN+)
You are resistant to electric shocks. (rElec)
You are resistant to unholy torment.
You are immune to petrification.
You possess an exceptional clarity of mind.
You passively map a small area around you.
You are robust. (+10% HP)


Message History

The seven-headed hydra closely misses you. x2
The seven-headed hydra bites you but does no damage.
You feel better. The seven-headed hydra bites you.
* * * LOW HITPOINT WARNING * * *
The seven-headed hydra bites you.
* * * LOW HITPOINT WARNING * * *
The seven-headed hydra closely misses you.
The seven-headed hydra bites you but does no damage.
The seven-headed hydra bites you.
* * * LOW HITPOINT WARNING * * *
The seven-headed hydra bites you but does no damage. x2
You feel better.
The seven-headed hydra bites you but does no damage.
The seven-headed hydra closely misses you.
The seven-headed hydra bites you but does no damage.
The seven-headed hydra bites you.
* * * LOW HITPOINT WARNING * * *
The seven-headed hydra bites you!
* * * LOW HITPOINT WARNING * * *
The seven-headed hydra bites you but does no damage.
The seven-headed hydra bites you!
* * * LOW HITPOINT WARNING * * *
You feel better.
The seven-headed hydra closely misses you.
The seven-headed hydra barely misses you. x2
The seven-headed hydra bites you.
* * * LOW HITPOINT WARNING * * *
The seven-headed hydra closely misses you.
The seven-headed hydra barely misses you.
The seven-headed hydra bites you.
* * * LOW HITPOINT WARNING * * *
You feel better.
You recover from your berserk rage.
The seven-headed hydra closely misses you.
The seven-headed hydra bites you!
* * * LOW HITPOINT WARNING * * *
The seven-headed hydra bites you but does no damage.
The seven-headed hydra closely misses you. x2
The seven-headed hydra bites you.
You die...

, #.#.....#..#.##+#*
, , #......###.'##, *
##....##.....+ , , *
#....#......# ,+ ,
#.....#....##+##, ,
###....####..# ..##*
, ,
#.......#######...# ,
,
....#....#DY...'...#*
,
..##.#...@#...##...#*
.. ##....##...# .).#*
, , ###..###### .#..#
, ,, #... ##.## ,
##... , Y , * * #...#
Y, , , ,,** #.... * *
Y. ##..## , , , .##


You could see a seven-headed hydra and an elephant.

Vanquished Creatures
  An orc warlord (Bailey)
  Harold (Lair:1)
  A catoblepas (Lair:2)
  A boulder beetle (Lair:2)
  4 death yaks
  A sixfirhy (D:8)
  The ghost of greenbourne the Sneak, a novice OpEn of Ashenzari (D:7)
  Pikel (D:6)
  3 black mambas
  6 cane toads
  A rime drake (Lair:1)
  A komodo dragon (D:8)
  Maggie (D:6)
  A polar bear (Lair:1)
  Grinder (D:6)
  Prince Ribbit (D:5)
  11 blink frogs
  Eustachio (D:5)
  Grum (D:8)
  A basilisk (Lair:1)
  16 yaks
  Edmund (D:5)
  8 water moccasins
  5 orc warriors
  3 black bears
  5 ice beasts
  5 wolves
  A centaur (D:6)
  A lemure (D:6)
  2 phantoms (D:5)
  4 kobold brigands
  5 bullfrogs
  6 necrophages
  4 scorpions
  12 wights
  11 killer bees
  2 howler monkeys
  2 bullfrog zombies (D:6)
  6 orc priests
  3 jellies
  6 hounds
  2 iguanas
  3 orc wizards (D:8)
  A killer bee zombie (D:6)
  A centaur simulacrum (D:7)
  A killer bee simulacrum (D:7)
  7 adders
  2 gnolls (Bailey)
  8 river rats
  2 shadow imps
  2 white imps
  2 howler monkey simulacra (D:7)
  2 worms
  2 dart slugs
  22 orcs
  10 ball pythons
  2 bat zombies (D:7)
  7 endoplasms
  3 giant cockroaches
  10 goblins
  8 hobgoblins
  6 jackals
  3 quokkas
  9 bats
  A frilled lizard (Sewer)
  44 kobolds
  13 rats
  A rat zombie (D:7)
  A bush (D:6)
323 creatures vanquished.

Vanquished Creatures (collateral kills)
  A bullfrog (D:7)
  A jelly (D:7)
  A bat zombie (D:7)
  2 rat zombies (D:7)
5 creatures vanquished.

Vanquished Creatures (others)
  A hound (D:4)
  An adder (D:4)
  A worm (D:4)
  An orc (D:4)
  An endoplasm (D:4)
  A hobgoblin (D:4)
  A quokka (D:4)
  A ball python (D:4)
  2 bushes (D:6)
  14 fungi
  36 plants
60 creatures vanquished.

Grand Total: 388 creatures vanquished

Notes
Turn   | Place    | Note
-------+----------+-------------------------------------------
     0 | D:1      | Gargoyl the Gargoyle Berserker began the quest for the Orb.
     0 | D:1      | Reached XP level 1. HP: 14/14 MP: 1/1
    46 | D:1      | Found Ysmajori's Distillery.
   202 | D:1      | Reached XP level 2. HP: 15/19 MP: 2/2
   274 | D:1      | Reached skill level 3 in Axes
  1169 | D:2      | Reached XP level 3. HP: 24/24 MP: 3/3
  1453 | D:2      | Reached ** piety under Trog
  1527 | D:2      | Found Afiuf's Armour Shoppe.
  1536 | D:2      | Bought a +0 pair of gloves for 54 gold pieces
  1926 | D:3      | Found a snail-covered altar of Cheibriados.
  1947 | D:3      | Found a glowing drain.
  1951 | D:3      | Reached XP level 4. HP: 26/29 MP: 4/4
  1959 | Sewer    | Entered a sewer
  2075 | Sewer    | Noticed a kobold brigand
  2075 | Sewer    | Noticed a kobold brigand
  2079 | Sewer    | Reached skill level 1 in Stealth
  2084 | Sewer    | Killed a kobold brigand
  2085 | Sewer    | Reached skill level 4 in Axes
  2085 | Sewer    | Reached XP level 5. HP: 33/33 MP: 5/5
  2085 | Sewer    | Killed a kobold brigand
  2208 | Sewer    | Reached XP level 6. HP: 38/38 MP: 6/6
  2225 | Sewer    | Reached *** piety under Trog
  2682 | D:4      | Noticed a black bear
  2699 | D:4      | Killed a black bear
  2700 | D:4      | Reached skill level 5 in Axes
  2885 | D:4      | Reached XP level 7. HP: 39/44 MP: 7/7
  3192 | D:4      | Reached skill level 5 in Fighting
  3192 | D:4      | Reached skill level 6 in Axes
  3354 | D:4      | Found a sacrificial altar of Ru.
  3414 | D:4      | Found a shimmering altar of Xom.
  3495 | D:5      | Entered Level 5 of the Dungeon
  3495 | D:5      | Noticed Prince Ribbit
  3544 | D:5      | Killed Prince Ribbit
  3545 | D:5      | Reached XP level 8. HP: 37/49 MP: 8/8
  3773 | D:5      | Noticed Edmund
  3796 | D:5      | Killed Edmund
  3931 | D:5      | Reached skill level 7 in Axes
  4054 | D:5      | Reached skill level 5 in Armour
  4214 | D:5      | Noticed Eustachio
  4239 | D:5      | Killed Eustachio
  4268 | D:5      | Found a staircase to the Ecumenical Temple.
  4346 | D:6      | Found a glowing golden altar of the Shining One.
  4371 | D:6      | Reached XP level 9. HP: 56/56 MP: 9/9
  4427 | D:6      | Noticed Pikel
  4444 | D:6      | Killed Pikel
  4445 | D:6      | Reached skill level 8 in Axes
  4495 | D:6      | Noticed Maggie
  4504 | D:6      | Gained mutation: You possess an exceptional clarity of
                  | mind. [potion of mutation]
  4504 | D:6      | Gained mutation: You are robust. (+10% HP) [potion of
                  | mutation]
  4504 | D:6      | Gained mutation: You passively map a small area around you.
                  | [potion of mutation]
  4530 | D:6      | Killed Maggie
  4531 | D:6      | Reached skill level 9 in Axes
  4642 | D:6      | Noticed Grinder
  4653 | D:6      | Killed Grinder
  4745 | D:6      | Found a blossoming altar of Fedhas.
  5137 | D:6      | Reached XP level 10. HP: 70/70 MP: 10/10
  5368 | D:7      | Reached skill level 10 in Axes
  5530 | D:7      | Noticed greenbourne's ghost (novice OpEn)
  5554 | D:7      | Found a runed translucent gate.
  5554 | D:7      | Found a runed translucent gate.
  5554 | D:7      | Found a runed translucent gate.
  5567 | D:7      | Found Xokhlets's Book Shoppe.
  5639 | D:7      | Killed greenbourne's ghost
  5772 | D:7      | Found a hazy altar of Hepliaklqana.
  5777 | D:7      | Found a hide-covered altar of Uskayaw.
  6066 | D:7      | Found an ancient bone altar of Kikubaaqudgha.
  6176 | D:8      | Found a flagged portal.
  6179 | D:8      | Noticed Grum
  6219 | D:8      | Killed Grum
  6227 | Bailey   | Entered a bailey
  6242 | Bailey   | Noticed an orc warlord
  6345 | Bailey   | Found a runed translucent gate.
  6356 | Bailey   | Found a runed translucent gate.
  6357 | Bailey   | Reached **** piety under Trog
  6393 | Bailey   | Found a runed translucent gate.
  6487 | Bailey   | Acquired a +6 ring of strength
  6511 | Bailey   | Killed an orc warlord
  6512 | Bailey   | Reached skill level 11 in Axes
  6512 | Bailey   | Reached XP level 11. HP: 74/78 MP: 11/11
  6538 | Bailey   | Acquired the ring "Zus Jicy" {Drain rElec Dex+2 SInv}
  6554 | D:8      | Noticed a death yak
  6555 | D:8      | Noticed a death yak
  6572 | D:8      | Noticed a death yak
  6587 | D:7      | Killed a death yak
  6625 | D:7      | Killed a death yak
  6653 | D:8      | Killed a death yak
  6679 | D:8      | Found a basalt altar of Yredelemnul.
  6754 | D:8      | Reached skill level 5 in Dodging
  6890 | D:8      | Found a runed translucent door.
  6890 | D:8      | Noticed a sixfirhy
  6965 | D:8      | Found a staircase to the Lair.
  7344 | D:8      | Killed a sixfirhy
  7370 | Lair:1   | Entered Level 1 of the Lair of Beasts
  7382 | D:8      | Reached skill level 12 in Axes
  7406 | Lair:1   | Reached skill level 10 in Fighting
  7613 | Lair:1   | Noticed Harold
  7633 | Lair:1   | Killed Harold
  7710 | Lair:1   | Reached XP level 12. HP: 85/85 MP: 12/12
  8240 | Lair:2   | Reached skill level 13 in Axes
  8286 | Lair:2   | Found a staircase to the Snake Pit.
  8400 | Lair:2   | Noticed a boulder beetle
  8446 | Lair:2   | Killed a boulder beetle
  9134 | Lair:3   | Noticed a catoblepas
  9164 | Lair:2   | Killed a catoblepas
  9441 | Lair:3   | Noticed a death yak
  9461 | Lair:3   | Killed a death yak
  9472 | Lair:3   | Noticed a five-headed hydra
  9487 | Lair:3   | HP: 4/88 [seven-headed hydra (3)]
  9492 | Lair:3   | HP: 4/88 [seven-headed hydra (7)]
  9492 | Lair:3   | Slain by a seven-headed hydra

Illustrated notes

Levels and vault maps discovered:
D:1:      tarquinn_simple_flora_water_f, layout_loops_ring, serial_shops,
          nicolae_shop_hallway_plus, serial_bayou, serial_bayou_lake_a,
          serial_bayou_pond_d, serial_bayou_pond_c, serial_bayou_ford_a
D:2:      kb_forest_paths, layout_basic, serial_shops, nicolae_square_shop,
          reono_crystal_passage, minmay_misc_feat_five
D:3:      layout_rooms, mainiacjoe_overflow_surrounded_room,
          cheibrodos_sewer_entry_drain, kennysheep_small_spiral, hex_tiny,
          eino_tiny_chamber
D:4:      layout_loops_ring, xom_confusion_cloud,
          nicolae_ru_the_path_less_chosen, chequers_mini_garden,
          minmay_misc_feat_cross
D:5:      layout_gridville, minmay_temple_entry_fiery, uniq_prince_ribbit1,
          uniq_eustachio, uniq_edmund
D:6:      layout_rooms, fedhas_altar_decomposition,
          mainiacjoe_overflow_24_doors, uniq_maggie, uniq_grinder, uniq_pikel
D:7:      layout_cave_pools, minitemple, lemuel_zombie_altar_kikubaaqudgha,
          gammafunk_ghost_icy, serial_shops, shop_statue,
          minmay_misc_feat_ornament, minmay_misc_feat_enclosed, nicolae_titane
D:8:      cheibrodos_shockbox, layout_cave_pools, amcnicky_altar_gilded,
          dpeg_lair_monsters, enter_bailey_6, uniq_grum
Lair:1:   layout_loops_ring, grunt_megastairs_4, uniq_harold
Lair:2:   layout_loops_ring, minmay_snake_entry_six_corridors
Lair:3:   layout_cave_pods, minmay_shoals_entry_centaurs,
          kennysheep_abandoned_house, grunt_megastairs_3

Skill      XL: |  1  2  3  4  5  6  7  8  9 10 11 12 |
---------------+-------------------------------------+-----
Axes           | 3 4 5 6 7 9 11 12 13 | 13.6
Dodging        | 2 3 4 5 6 |  6.5
Stealth        | 1 4 |  4.0
Fighting       | 4 5 6 8 9 10 11 | 11.6
Armour         | 3 4 5 6 7 8 9 |  9.1
Throwing       | |  0.8

Action                     |  1- 3 |  4- 6 |  7- 9 | 10-12 || total
---------------------------+-------+-------+-------+-------++-------
  Melee: Hand axe          |   119 |       |    96 |   824 ||  1039
         Punch             |     1 |     2 |    10 |     8 ||    21
         War axe           |     6 |    87 |   216 |       ||   309
         Whip              |       |       |       |     4 ||     4
  Throw: Boomerang         |       |       |     2 |       ||     2
         Dart              |       |       |       |     4 ||     4
 Invoke: Berserk           |     1 |     2 |     7 |    13 ||    23
         Trog's Hand       |       |     1 |    12 |    16 ||    29
         Brothers in Arms  |       |       |       |     1 ||     1
    Use: Scroll            |     4 |       |     3 |    11 ||    18
         Potion            |       |       |     7 |    12 ||    19
   Stab: Sleeping          |     2 |       |       |     1 ||     3
         Petrified         |       |       |       |     9 ||     9
 Armour: Animal skin       |    68 |    27 |       |       ||    95
         Chain mail        |       |    89 |    56 |       ||   145
         Plate armour      |       |       |   155 |       ||   155
         Swamp dragon scal |       |       |    33 |   523 ||   556
  Dodge: Dodged            |   113 |    75 |   160 |   560 ||   908

Table legend: (Time is in decaauts)
 A = Elapsed time spent in this place.
 B = Non-inter-level travel time spent in this place.
 C = Inter-level travel time spent in this place.
 D = Time resting spent in this place.
 E = Time spent auto-exploring this place.
 F = Levels seen in this place.
 G = Mean time per level.
                   A        B        C        D        E       F      G
               +--------+--------+--------+--------+--------+-----+--------+
         Total |   9589 |   9180 |    409 |    111 |   6039 |  13 |  737.6 |
       Dungeon |   6933 |   6556 |    377 |     36 |   4520 |   8 |  866.6 |
          Lair |   2006 |   1975 |     31 |     59 |   1294 |   3 |  668.7 |
         Sewer |    336 |    336 |      0 |      0 |    180 |   1 |  336.0 |
        Bailey |    312 |    312 |      0 |     16 |     43 |   1 |  312.0 |
               +--------+--------+--------+--------+--------+-----+--------+

Top non-repeatable levels by time:
     D:1: 1133 daAuts
     D:7: 1007 daAuts
  Lair:2: 916 daAuts
     D:6: 910 daAuts
     D:5: 872 daAuts
     D:4: 845 daAuts
     D:8: 813 daAuts
     D:2: 799 daAuts
  Lair:1: 789 daAuts
     D:3: 550 daAuts
   Sewer: 336 daAuts
  Bailey: 312 daAuts
  Lair:3: 300 daAuts
